 Dungeon Crawl Stone Soup version 0.24-a0-205-g1d96822 (webtiles) character file.

Game seed: 810700082104009695

150 Ijustatesigmund the Cudgeler (level 5, -6/36 HPs)
             Began as an Octopode Monk on Mar 28, 2019.
             Splashed by a gnoll's acid (18 damage)
             ... on level 4 of the Dungeon.
             The game lasted 00:03:55 (2492 turns).

Ijustatesigmund the Cudgeler (Octopode Monk)        Turns: 2492, Time: 00:03:57

Health: -6/36      AC: -3    Str: 10    XL:     5   Next: 32%
Magic:  5/5        EV: 14    Int: 13    God:
Gold:   129        SH:  0    Dex: 15    Spells: 4/4 levels left

rFire    . . .     SeeInvis .   a - +1 mace
rCold    . . .     Gourm    .   (no shield)
rNeg     . . .     Faith    .   (helmet restricted)
rPois    .         Spirit   .   (no amulet)
rElec    .         Reflect  .   (no ring)
rCorr    .         Harm     .   (no ring)
MR       .....                  (no ring)
Stlth    ++++......             (no ring)
HPRegen  0.12/turn              (no ring)
MPRegen  0.09/turn              (no ring)
                                (no ring)
                                (no ring)

@: corroded
A: almost no armour, stealthy swim, amphibious, 8 rings, constrict 8, camouflage
1, gelatinous body 1
a: no special abilities


You were on level 4 of the Dungeon.
You were hungry.

You visited 1 branch of the dungeon, and saw 4 of its levels.

You collected 129 gold pieces.

Inventory:

Hand Weapons
 a - a +1 mace (weapon)
Jewellery
 g - an uncursed ring of fire
Wands
 f - a wand of flame (21)
 h - a wand of iceblast (6)
Scrolls
 d - a scroll of teleportation
 l - 2 scrolls of identify
Potions
 c - a potion of brilliance
 e - a potion of flight
Comestibles
 b - 6 rations


   Skills:
 + Level 3.2 Fighting
 + Level 4.9 Maces & Flails
 + Level 3.2 Dodging
 - Level 4.4 Stealth


You had 4 spell levels left.
You didn't know any spells.
Your spell library was empty.

Dungeon Overview and Level Annotations

Branches:
Dungeon (4/15)
 Temple: D:4-7

Altars:
Hepliaklqana
Trog
Vehumet

Annotations:
D:4 1 transporter


Innate Abilities, Weirdness & Mutations

You cannot wear most types of armour.
You are very stealthy in the water. (Stealth+)
You are amphibious.
You can wear up to eight rings at the same time.
You can use your tentacles to constrict eight enemies at once.
Your skin changes colour to match your surroundings (Stealth+).
Your rubbery body absorbs attacks. (AC +1, EV +1)


Message History

The gnoll shouts!
You hear a shout!
The gnoll barely misses you. The gnoll closely misses you.
It was a potion of heal wounds.
You feel much better. The gnoll misses you. The gnoll closely misses you.
You hit the plant.
You squeeze the plant, but do no damage.
The plant is lightly damaged.
The gnoll closely misses you. The gnoll barely misses you.
You feel less invigorated.
You feel less confused. The gnoll hits you.
There is a fountain of clear blue water here.
You hit the gnoll. You grab the gnoll.
The gnoll is heavily wounded.
You constrict the gnoll, but do no damage.
The gnoll barely misses you.
The gnoll zaps a wand.
You are blasted!
The gnoll zaps a wand.
The bolt of acid hits you! The acid corrodes you!
You are splashed with acid!!
Ouch! That really hurt!
You die...

.......≈≈.##.#.
#.##.≈≈.#.#
.#####.≈≈.#..
#..#.≈≈.#.# .#
.≈≈.##.#####.##.≈≈...#
.#
.≈≈..#.#8⌠8#.#.....#.###
.#
.≈≈.©#.+.©.+.#§........#
<#
.≈≈..#.#P.P#.#.....#.###
.#
.≈≈.##.##.##.##.≈≈.#.#
## ≈.#©.#PgP#..#.≈≈.# #
≈.##.#⌠g@#.##.≈≈.#
≈..#.#PgP#.#..≈≈.#
≈###.##'##.###≈≈.#
≈#.....).....#≈≈..
##.###.###.## .. ### ..
## ... ## ≈≈≈ ≈≈ ≈≈≈


You could see 3 gnolls.

Vanquished Creatures
  Terence (D:2)
  2 gnolls (D:4)
  3 adders
  3 worms
  8 dart slugs
  3 giant cockroaches
  6 hobgoblins
  3 jackals (D:1)
  2 quokkas (D:2)
  2 ball pythons (D:2)
  4 bats
  4 frilled lizards
  6 goblins
  6 kobolds
  A quokka skeleton (D:4)
  5 rats
59 creatures vanquished.

Vanquished Creatures (others)
  A hobgoblin (D:3)
1 creature vanquished.

Grand Total: 60 creatures vanquished

Notes
Turn   | Place    | Note
-------+----------+-------------------------------------------
     0 | D:1      | Ijustatesigmund the Octopode Monk began the quest for the
                  | Orb.
     0 | D:1      | Reached XP level 1. HP: 16/16 MP: 1/1
   197 | D:1      | Reached XP level 2. HP: 21/21 MP: 2/2
   381 | D:1      | Reached XP level 3. HP: 24/26 MP: 3/3
   830 | D:2      | Noticed Terence
   841 | D:2      | Killed Terence
   933 | D:2      | Reached XP level 4. HP: 31/31 MP: 4/4
  1991 | D:3      | Reached XP level 5. HP: 31/36 MP: 5/5
  2189 | D:3      | Found a hazy altar of Hepliaklqana.
  2189 | D:3      | Found a radiant altar of Vehumet.
  2190 | D:3      | Found a bloodstained altar of Trog.
  2400 | D:4      | Identified the cursed +0 scale mail of the Mind {*Corrode
                  | Str+4 Int+2 SInv}
  2456 | D:4      | Found a transporter.
  2475 | D:4      | Found a transporter.
  2492 | D:4      | Splashed by a gnoll's acid

Levels and vault maps discovered:
D:1:      psy_arrival_terrarium, layout_loops_corners
D:2:      layout_loops_ring, minmay_unequal, uniq_terence
D:3:      layout_loops_ring, gammafunk_temple_overflow_claw, first_ration,
          amethyst_killhole, columned_hall_lemuel, lemuel_old_faithful
D:4:      layout_basic, kennysheep_mini, minmay_temple_entry_crystal_x,
          gammafunk_ghost_gnarly_gnolls, item_on_display_a

Skill      XL: |  1  2  3 |
---------------+----------+-----
Stealth        | 3 4 |  4.4
Maces & Flails | 4 |  4.9
Fighting       | |  3.2
Dodging        | |  3.2

Action                   |  1- 3 |  4- 6 || total
-------------------------+-------+-------++-------
Melee: Mace              |    51 |    73 ||   124
       Constrict         |    12 |    21 ||    33
       Tentacles         |     6 |    12 ||    18
  Use: Scroll            |     1 |     6 ||     7
       Potion            |       |     2 ||     2
 Stab: Sleeping          |    17 |     8 ||    25
  Eat: Chunk             |       |     4 ||     4
Armor: Skin              |     1 |     4 ||     5
Dodge: Dodged            |    23 |    63 ||    86

Table legend:
 A = Non-vault XP
 B = Vault XP
 C = Vault XP percentage of total XP
 D = Non-vault monster count
 E = Vault monster count
 F = Vault count percentage of total count
                 A         B        C        D         E       F
            +---------+---------+-------+---------+---------+-------
      Total |     144 |      71 |  33.0 |      54 |       5 |   8.5
            +---------+---------+-------+---------+---------+-------
        D:1 |      45 |       0 |   0.0 |      24 |       0 |   0.0
        D:2 |      64 |      42 |  39.6 |      21 |       3 |  12.5
        D:3 |      20 |       0 |   0.0 |       7 |       0 |   0.0
        D:4 |      15 |      29 |  65.9 |       2 |       2 |  50.0
            +---------+---------+-------+---------+---------+-------
